 Dungeon Crawl Stone Soup version 0.27.1-33-g824d729ab1 (webtiles) character file.

Game seed: 16022470885981555344

118 ces the Covered (level 5, -1/40 HPs)
             Began as a Gnoll Wanderer on Dec 8, 2021.
             Killed by divine providence
             ... invoked by an orc priest
              (10 damage)
             ... on level 2 of the Dungeon.
             The game lasted 00:03:20 (1807 turns).

ces the Covered (Gnoll Wanderer)                    Turns: 1807, Time: 00:03:20

Health: -1/40      AC:  2    Str: 15 (16) XL:     5   Next: 2%
Magic:  6/6        EV: 11    Int:  7 (10) God:
Gold:   59         SH:  0    Dex:  6 (9)  Spells: 6/6 levels left

rFire    . . .     SeeInvis .   b - +0 hand crossbow
rCold    . . .     Faith    .   (no shield)
rNeg     . . .     Spirit   .   e - +0 robe
rPois    .         Reflect  .   (no helmet)
rElec    .         Harm     .   (no cloak)
rCorr    .         Rampage  .   (no gloves)
Will     .....                  (no boots)
Stlth    +.........             h - amulet of regeneration
HPRegen  1.13/turn              (no ring)
MPRegen  0.10/turn              (no ring)

@: mighty
A: fangs 1, strong nose, distributed training
a: no special abilities


You were on level 2 of the Dungeon.
You visited 1 branch of the dungeon, and saw 3 of its levels.

You collected 59 gold pieces.

Inventory:

Hand Weapons
 a - a +2 mace
 b - a +0 hand crossbow (weapon)
Missiles
 c - 12 bolts (quivered ammo)
Armour
 e - a +0 robe (worn)
Jewellery
 h - an amulet of regeneration (around neck)


   Skills:
 + Level 2.8 Fighting
 + Level 1.3 Short Blades
 + Level 1.3 Long Blades
 + Level 1.3 Axes
 + Level 2.8 Maces & Flails
 + Level 1.3 Polearms
 + Level 1.3 Staves
 + Level 1.3 Slings
 + Level 1.3 Bows
 + Level 6.6 Crossbows
 + Level 2.8 Throwing
 + Level 6.6 Armour
 + Level 1.3 Dodging
 + Level 1.3 Stealth
 + Level 2.8 Shields
 + Level 1.3 Unarmed Combat
 + Level 1.3 Spellcasting
 + Level 1.0 Conjurations
 + Level 1.0 Hexes
 + Level 1.0 Summonings
 + Level 1.0 Necromancy
 + Level 1.0 Translocations
 + Level 1.0 Transmutations
 + Level 1.0 Fire Magic
 + Level 1.0 Ice Magic
 + Level 1.0 Air Magic
 + Level 1.0 Earth Magic
 + Level 1.0 Poison Magic
 + Level 1.4 Invocations
 + Level 1.3 Evocations


You had 6 spell levels left.
You didn't know any spells.
Your spell library was empty.

Dungeon Overview and Level Annotations

Branches:
Dungeon (3/15)

Altars:

Annotations:
D:3 Sigmund


Innate Abilities, Weirdness & Mutations

You have very sharp teeth.
Your uncanny sense of smell can sniff out nearby items.
Your experience applies equally to all skills.


Message History

You feel less confused. The orc priest barely misses you.
The goblin hits you with a +0 club. The orc priest barely misses you.
Sigmund hits you from afar with a +1 vorpal scythe.
The goblin hits you with a +0 club.
You climb upwards.
There is a stone staircase leading down, spattered with blood here.
The orc priest casts a cantrip, but nothing happens.
The goblin hits you with a +0 club.
The orc priest hits you with a +0 morningstar!
The orc priest calls down the wrath of Beogh upon you.
Beogh smites you!
The orc priest invokes the aid of Beogh against you.
Beogh smites you!
* * * LOW HITPOINT WARNING * * *
You are too injured to fight recklessly!
The orc priest calls down the wrath of Beogh upon you.
Beogh smites you!
* * * LOW HITPOINT WARNING * * *
The goblin closely misses you.
It was a potion of might.
You feel very mighty all of a sudden.
It was a potion of degeneration.
There was something very wrong with that liquid.
You feel weakened.
You feel dopey.
You feel clumsy. The goblin closely misses you.
The orc priest mumbles some strange prayers to Beogh against you.
Beogh smites you!
* * * LOW HITPOINT WARNING * * *
As you read the scroll labelled VEHITONUATZ, it crumbles to dust.
Your body is wracked with pain!
* * * LOW HITPOINT WARNING * * *
The goblin convulses!
The orc priest convulses!
It was a scroll of torment.
The goblin misses you.
As you read the scroll labelled ATELYUFO WEMOA, it crumbles to dust.
It is a scroll of amnesia.
You feel forgetful for a moment. The goblin barely misses you.
The orc priest mumbles some strange prayers to Beogh against you.
Beogh smites you!
You die...

...# #.#.# ...#
#.#.# ...# #.#.#
...# #.#.#
...###.#.###
.......#...#
.#########.#######
†............o.g.#
##########.#####@# #
#.# #.# # #o# #.#
##########.# #.#
......o....# #.#
################.###
#...........#######
#.#######.........#
#.#..#......####.##


You could see an orc priest and a goblin.

Vanquished Creatures
  An orc wizard (D:2)
  3 adders (D:2)
  A worm (D:2)
  A dart slug (D:2)
  3 orcs (D:2)
  7 endoplasms
  3 giant cockroaches (D:2)
  5 goblins
  6 hobgoblins
  3 jackals (D:2)
  5 kobolds
  2 quokkas (D:2)
  5 ball pythons
  4 bats
  2 frilled lizards
  A rat (D:1)
52 creatures vanquished.

Notes
Turn   | Place    | Note
-------+----------+-------------------------------------------
     0 | D:1      | ces the Gnoll Wanderer began the quest for the Orb.
     0 | D:1      | ces set off with the following items: a +2 mace, a +0 hand
                  | crossbow, 26 bolts, a potion of curing, a +0 robe
     0 | D:1      | Reached XP level 1. HP: 17/17 MP: 1/1
   231 | D:1      | Reached XP level 2. HP: 23/23 MP: 2/2
   569 | D:1      | Reached XP level 3. HP: 28/28 MP: 3/3
   932 | D:2      | Reached skill level 1 in Invocations
  1211 | D:2      | Reached skill level 1 in Short Blades
  1211 | D:2      | Reached skill level 1 in Long Blades
  1211 | D:2      | Reached skill level 1 in Axes
  1211 | D:2      | Reached skill level 1 in Polearms
  1211 | D:2      | Reached skill level 1 in Staves
  1211 | D:2      | Reached skill level 1 in Slings
  1211 | D:2      | Reached skill level 1 in Bows
  1211 | D:2      | Reached skill level 1 in Dodging
  1211 | D:2      | Reached skill level 1 in Stealth
  1211 | D:2      | Reached skill level 1 in Unarmed Combat
  1211 | D:2      | Reached skill level 1 in Spellcasting
  1211 | D:2      | Reached skill level 1 in Evocations
  1220 | D:2      | Reached XP level 4. HP: 34/34 MP: 5/5
  1463 | D:3      | Noticed Sigmund
  1488 | D:2      | Reached skill level 1 in Conjurations
  1488 | D:2      | Reached skill level 1 in Hexes
  1488 | D:2      | Reached skill level 1 in Summonings
  1488 | D:2      | Reached skill level 1 in Necromancy
  1488 | D:2      | Reached skill level 1 in Translocations
  1488 | D:2      | Reached skill level 1 in Transmutations
  1488 | D:2      | Reached skill level 1 in Fire Magic
  1488 | D:2      | Reached skill level 1 in Ice Magic
  1488 | D:2      | Reached skill level 1 in Air Magic
  1488 | D:2      | Reached skill level 1 in Earth Magic
  1488 | D:2      | Reached skill level 1 in Poison Magic
  1641 | D:2      | Reached XP level 5. HP: 32/40 MP: 6/6
  1789 | D:2      | HP: 2/40 [orc priest/divine providence (16)]
  1807 | D:2      | Killed from afar by an orc priest

Illustrated notes

Levels and vault maps discovered:
D:1:      saegor_arrival_miasma, layout_loops_ring,
          chequers_serial_rivers_small_3
D:2:      layout_basic
D:3:      layout_rooms, led_xom_imps, nicolae_tso_besieged_by_evil,
          nicolae_ashenzari_skybound, mainiacjoe_overflow_brackets,
          serial_shops, nicolae_shop_stone, grunt_decor_arrowhead, uniq_sigmund

Skill      XL: |  1  2  3  4 |
---------------+-------------+-----
Invocations    | 1 |  1.4
Short Blades   | 1 |  1.3
Long Blades    | 1 |  1.3
Axes           | 1 |  1.3
Polearms       | 1 |  1.3
Staves         | 1 |  1.3
Slings         | 1 |  1.3
Bows           | 1 |  1.3
Dodging        | 1 |  1.3
Stealth        | 1 |  1.3
Unarmed Combat | 1 |  1.3
Spellcasting   | 1 |  1.3
Evocations     | 1 |  1.3
Conjurations   | 1 |  1.0
Hexes          | 1 |  1.0
Summonings     | 1 |  1.0
Necromancy     | 1 |  1.0
Translocations | 1 |  1.0
Transmutations | 1 |  1.0
Fire Magic     | 1 |  1.0
Ice Magic      | 1 |  1.0
Air Magic      | 1 |  1.0
Earth Magic    | 1 |  1.0
Poison Magic   | 1 |  1.0
Fighting       | |  2.8
Maces & Flails | |  2.8
Crossbows      | |  6.6
Throwing       | |  2.8
Armour         | |  6.6
Shields        | |  2.8

Action                   |  1- 3 |  4- 6 || total
-------------------------+-------+-------++-------
Melee: Mace              |    10 |    20 ||    30
       Bite              |       |     2 ||     2
 Fire: Hand crossbow     |    77 |    18 ||    95
  Use: Potion            |       |     4 ||     4
       Scroll            |       |     2 ||     2
Armor: Robe              |     4 |     1 ||     5
Dodge: Dodged            |    17 |    35 ||    52
